 Dungeon Crawl Stone Soup version 0.31-a0-828-gb7646bb5e3 (webtiles) character file.

Game seed: 17728379870589013060

333 Descartes the Ducker (level 6, -2/27 HPs)
             Began as a Felid Shapeshifter on Sept 23, 2023.
             Slain by an orc
             ... wielding a +3 flail
              (11 damage)
             ... on level 4 of the Dungeon.
             The game lasted 00:06:56 (3272 turns).

Descartes the Ducker (Felid Shapeshifter)           Turns: 3272, Time: 00:06:56

Health: -2/27      AC:  2    Str: 12    XL:     6   Next: 27%
Magic:  7/7        EV: 18    Int: 12    God:
Gold:   95         SH:  5    Dex: 15    Spells: 5/5 levels left
                                        Lives:  0   Deaths: 2

rFire   . .          .
                       - Unarmed
rCold   . . .        (shield unavailable)
rNeg    . . .        (body armour unavailable)
rPois   .            (helmet unavailable)
rElec   .            (cloak unavailable)
rCorr   .            (gloves unavailable)
SInv    +            (boots unavailable)
Will    ++...        d - amulet of reflection
Stlth   +++          i - ring of willpower
HPRegen 0.24/turn    e - ring of willpower
MPRegen 0.10/turn

%: reflection
@: beast-form, quick
A: beast (slay +2), very small, claws 1, fangs 3, see invisible, speed 1, shaggy
fur 2, stealthy paws, no weapons or thrown items, no armour, multi-lived
a: Begin Untransformation


You were on level 4 of the Dungeon.
You were a hulking beast.
You visited 1 branch of the dungeon, and saw 4 of its levels.
You also visited: Sewer.

You collected 95 gold pieces.

Inventory:

Jewellery
 d - an amulet of reflection (around neck)
 e - a ring of willpower (right paw)
 i - a ring of willpower (left paw)
Talismans
 b - a beast talisman (active)
 c - a flux talisman
Scrolls
 h - a scroll of vulnerability {unknown}
 k - 2 scrolls of amnesia
 l - 2 scrolls of brand weapon {unknown}
 m - a scroll of identify {unknown}
 n - 2 scrolls of fog {unknown}
 r - 3 scrolls of noise
 t - a scroll of acquirement {unknown}
Potions
 a - 2 potions of mutation {unknown}
 f - 2 potions of heal wounds
 g - a potion of curing {unknown}
 j - a potion of cancellation {unknown}
 o - a potion of might {unknown}
 p - a potion of brilliance {unknown}
 q - a potion of resistance {unknown}
 s - a potion of ambrosia {unknown}
 v - a potion of enlightenment {unknown}


   Skills:
 + Level 2.7 Fighting
 + Level 4.6 Dodging
 + Level 4.0 Stealth
 + Level 4.1 Unarmed Combat
 + Level 4.3 Shapeshifting


You had 5 spell levels left.
You didn't know any spells.
Your spell library was empty.

Dungeon Overview and Level Annotations

Branches:
Dungeon (4/15)              Sewer (visited)
 Temple: D:4-7

Altars:
Ashenzari
Dithmenos
Gozag
Kikubaaqudgha

Shops:
D:1 :

Annotations:
D:4 3 runed translucent doors, kuniqs's ghost, amateur DsBe


Innate Abilities, Weirdness & Mutations

You are a hulking beast.
Your limbs bulge with bestial killing power. (Slay +2)
You have sharp claws.
You have razor-sharp teeth.
You have supernaturally acute eyesight. (SInv)
You cover ground quickly. (Speed+)
You are covered in thick fur. (AC +2)
Your paws help you pounce on unaware monsters.
You are incapable of wielding weapons or throwing items.
You cannot wear armour.
You gain extra lives every three experience levels.


Message History

The jackal barks! x2
There is a shaft here.
You barely miss the jackal. Your bite misses the jackal. The jackal bites you.
You barely miss the jackal. Your bite misses the jackal.
You scratch the jackal. You bite the jackal.
You kill the jackal!
The jackal bites you but does no damage.
The jackal misses you.
You claw the jackal!
You kill the jackal!
The jackal bites you but does no damage.
You scratch the ogre.
The ogre is lightly wounded.
The jackal completely misses you.
The jackal bites you but does no damage.
The ogre hits you with a +0 giant club!!
Ouch! That really hurt!
* * * LOW HITPOINT WARNING * * *
You see here a scroll labelled PALLUVV WOGAO.
You claw the jackal!
You kill the jackal!
An orc comes into view. It is wielding a +3 flail.
The orc shouts!
You hear a bark!
A hound comes into view.
You hear a shout!
A kobold comes into view. It is wielding a +0 club.
You barely miss the kobold. You bite the kobold.
The kobold is severely wounded.
The kobold misses you.
You closely miss the kobold. You claw the kobold.
You kill the kobold!
The orc misses you.
A kobold comes into view. It is wielding a +0 short sword.
The ogre barely misses you. The hound closely misses you.
The kobold throws a stone.
The stone hits you but does no damage. You block the orc's attack.
You see here a +0 club.
The kobold throws a stone.
The stone barely misses you. The orc attacks as it pursues you!
The orc hits you with a +3 flail!
You die...

###++# #......
##....K. # ##.....#
.. ##......# #
##.......# #
#........# ###
#..hh...# #..
#..o...## #.#
+..##### .. #.#
+.O##### ####.. #.#
#......## #......
..#
#.......####.......
#.##
#........##........
#..#
##.......##.......#
#..##
##......##......#


You could see an ogre, a hound, an orc and a kobold.

Vanquished Creatures
  A phantom (D:4)
  An orc priest (D:3)
  An orc wizard (D:4)
  6 adders
  4 river rats (Sewer)
  2 worms (D:3)
  5 orcs
  5 endoplasms
  4 giant cockroaches
  7 goblins
  7 hobgoblins
  4 jackals (D:4)
  20 kobolds
  2 quokkas (D:1)
  8 ball pythons
  4 bats
  31 rats
112 creatures vanquished.

Vanquished Creatures (collateral kills)
  A rat (D:3)
1 creature vanquished.

Grand Total: 113 creatures vanquished

Notes
Turn   | Place    | Note
-------+----------+-------------------------------------------
     0 | D:1      | Descartes the Felid Shapeshifter began the quest for the
                  | Orb.
     0 | D:1      | Reached XP level 1. HP: 9/9 MP: 2/2
    74 | D:1      | Reached XP level 2. HP: 8/12 MP: 3/3
   238 | D:1      | Found Kaguicuh's Book Boutique.
   240 | D:1      | Reached skill level 1 in Stealth
   542 | D:2      | Reached XP level 3. HP: 10/15 MP: 4/4
  1419 | D:3      | Killed from afar by an orc priest
  1520 | D:3      | Reached XP level 4. HP: 13/19 MP: 5/5
  1632 | D:3      | Found a glowing drain.
  1652 | Sewer    | Entered a sewer
  2015 | Sewer    | Reached XP level 5. HP: 19/22 MP: 6/6
  2683 | D:3      | HP: 1/22 [orc priest/+2 short sword of freezing (8)]
  2683 | D:3      | Slain by an orc priest
  3073 | D:4      | Found a broken altar of Ashenzari.
  3073 | D:4      | Found an ancient bone altar of Kikubaaqudgha.
  3086 | D:4      | Found a shadowy altar of Dithmenos.
  3111 | D:4      | Noticed a phantom
  3120 | D:4      | Found a runed translucent gate.
  3122 | D:4      | Killed a phantom
  3123 | D:4      | Gained mutation: You are covered in thick fur. (AC +2)
                  | [Felid growth]
  3123 | D:4      | Reached XP level 6. HP: 21/27 MP: 7/7
  3151 | D:4      | Noticed kuniqs's ghost (amateur DsBe)
  3154 | D:4      | Found a runed translucent gate.
  3155 | D:4      | Found a runed translucent gate.
  3202 | D:4      | Found an opulent altar of Gozag.
  3272 | D:4      | Slain by an orc

Illustrated notes

Levels and vault maps discovered:
D:1:      dpeg_arrival_leaves_temple_mockup, layout_basic, serial_shops, shop
D:2:      cheibrodos_greedy_goblins, layout_basic, dreamdust_mushroom_princess
D:3:      layout_basic, cheibrodos_sewer_entry_bend
D:4:      layout_basic, grunt_gozag_statues, mainiacjoe_overflow_brackets,
          nicolae_overflow_two_pavilions, grunt_dithmenos_smoke_and_mirrors,
          gammafunk_ghost_split, kennysheep_cross_room, grunt_ministairs_11,
          kennysheep_doodads, minmay_small_thing, uniq_grinder

Skill      XL: |  1  2  3  4  5  6 |
---------------+-------------------+-----
Stealth        | 1 2 3 4 |  4.0
Dodging        | 3 4 |  4.6
Fighting       | 2 |  2.7
Shapeshifting  | 4 |  4.3
Unarmed Combat | 4 |  4.1

Action                     |  1- 3 |  4- 6 || total
---------------------------+-------+-------++-------
  Melee: Unarmed           |    93 |   182 ||   275
         Bite              |     2 |    17 ||    19
         Punch             |     2 |     5 ||     7
    Use: Scroll            |     2 |     1 ||     3
         Potion            |       |     2 ||     2
   Stab: Sleeping          |     2 |     2 ||     4
 Armour: Skin              |    22 |    68 ||    90
  Dodge: Dodged            |    63 |   146 ||   209
  Block: Other             |    16 |    48 ||    64
         Reflection        |       |     1 ||     1

Table legend: (Time is in decaauts)
 A = Elapsed time spent in this place.
 B = Non-inter-level travel time spent in this place.
 C = Inter-level travel time spent in this place.
 D = Time resting spent in this place.
 E = Time spent auto-exploring this place.
 F = Levels seen in this place.
 G = Mean time per level.
                   A        B        C        D        E       F      G
               +--------+--------+--------+--------+--------+-----+--------+
         Total |   2809 |   2793 |     16 |      0 |   1920 |   5 |  561.8 |
       Dungeon |   1950 |   1934 |     16 |      0 |   1349 |   4 |  487.5 |
         Sewer |    858 |    858 |      0 |      0 |    571 |   1 |  858.0 |
               +--------+--------+--------+--------+--------+-----+--------+

Top non-repeatable levels by time:
   Sewer: 858 daAuts
     D:2: 683 daAuts
     D:3: 639 daAuts
     D:1: 410 daAuts
     D:4: 216 daAuts
